 Dungeon Crawl Stone Soup version 0.25.1-2-g60ff931df9 (webtiles) character file.

Game seed: 16195604511582733551

44 Arcadio the Magician (level 3, 0/19 HPs)
             Began as a Deep Elf Wizard on Nov 20, 2020.
             Slain by Crazy Yiuf
             ... wielding a +4 quarterstaff of chaos
              (9 damage)
             ... on level 2 of the Dungeon.
             The game lasted 00:10:33 (2537 turns).

Arcadio the Magician (Deep Elf Wizard)              Turns: 2537, Time: 00:10:33

Health: 0/19       AC:  2    Str:  4    XL:     3   Next: 39%
Magic:  12/12      EV: 13    Int: 23    God:
Gold:   50         SH:  0    Dex: 13    Spells: 12/13 levels left

rFire    . . .     SeeInvis .   h - +0 club
rCold    . . .     Gourm    .   (no shield)
rNeg     . . .     Faith    .   a - +0 robe
rPois    .         Spirit   .   b - +0 hat
rElec    .         Reflect  .   (no cloak)
rCorr    .         Harm     .   (no gloves)
MR       .....                  (no boots)
Stlth    ++........             (no amulet)
HPRegen  0.06/turn              (no ring)
MPRegen  0.13/turn              (no ring)

@: lightly drained
A: no striking features
a: no special abilities


You were on level 2 of the Dungeon.
You were hungry.

You visited 1 branch of the dungeon, and saw 2 of its levels.

You collected 50 gold pieces.

Inventory:

Hand Weapons
 h - a +0 club (weapon)
Missiles
 e - 18 poisoned darts
 g - 2 boomerangs (quivered)
Armour
 a - a +0 robe (worn)
 b - a +0 hat (worn)
Scrolls
 c - 3 scrolls of identify {unknown}
 i - a scroll of immolation {unknown}
 l - a scroll of amnesia {unknown}
Potions
 f - a potion of mutation {unknown}
 j - a potion of curing {unknown}
 k - 2 potions of stabbing {unknown}
 m - a potion of lignification {unknown}
Comestibles
 d - 7 rations


   Skills:
 + Level 3.0(2.7) Dodging
 + Level 2.8(2.5) Stealth
 + Level 5.6(5.3) Spellcasting
 + Level 1.3(1.0) Conjurations
   Level 1.1(0.8) Summonings
   Level 1.1(0.8) Translocations


You had 12 spell levels left.
You knew the following spells:

 Your Spells              Type           Power        Failure   Level  Hunger
a - Magic Dart            Conj           ##..         6%          1    None

Your spell library contained the following spells:

 Spells                   Type           Power        Failure   Level  Hunger
 Blink                    Tloc           N/A          10%         2    None
 Call Imp                 Summ           #.......     10%         2    None
 Slow                     Hex            #.......     14%         2    None
 Conjure Flame            Conj/Fire      #.......     22%         3    ##.....
 Mephitic Cloud           Conj/Pois/Air  #.......     24%         3    ##.....


Dungeon Overview and Level Annotations

Branches:
Dungeon (2/15)

Altars:

Annotations:
D:2 Crazy Yiuf


Message History

Casting: Magic Dart (safe; 4% risk of failure)
Confirm with . or Enter, or press ? or * to list all spells.
Aiming: Magic Dart (safe; 4% risk of failure)
Press: ? - help, Shift-Dir - straight line, f/p - Crazy Yiuf
Aim: Crazy Yiuf, wielding a +4 quarterstaff of chaos and wearing a +0 cloak (lightly wounded)
You miscast Magic Dart.
You are very lightly contaminated with residual magic.
Nothing appears to happen.
Crazy Yiuf says, "Adder meccalolo seventy!"
Crazy Yiuf hits you with a +4 quarterstaff of chaos!
You feel drained.
Crazy Yiuf grits, "Pitchfork!
Gum down alas."
You see here a mace.
Crazy Yiuf screams, "Tosser!"
Your magical contamination has completely faded away.
Crazy Yiuf cries, "Rot!
Mama poople cower."
Crazy Yiuf yells, "Proton tea infinity!"
Crazy Yiuf says, "Line verde tired!"
Crazy Yiuf hits you with a +4 quarterstaff of chaos!
You die...

#...........# #......# #
#...........# #......# #
#...........# #......# #
#...........# #......# #
###...........#######......######
.................................
.....####.###########......######
.....####.#######################
........#>.....g@................
........##################.......
........# #########.......
#.......# #...............
##.....## ######...............
#.....# #....[........#######
#.....# #.............# #.....#
####..........#### #.....#
#.............#


You could see Crazy Yiuf.

Vanquished Creatures
  An adder (D:2)
  A worm (D:2)
  A dart slug (D:2)
  2 leopard geckos (D:1)
  3 bats
  3 giant cockroaches (D:1)
  3 goblins (D:1)
  2 hobgoblins
  2 quokkas (D:2)
  A ball python (D:1)
  2 frilled lizards
  6 kobolds
  A rat (D:1)
28 creatures vanquished.

Notes
Turn   | Place    | Note
-------+----------+-------------------------------------------
     0 | D:1      | Arcadio the Deep Elf Wizard began the quest for the Orb.
     0 | D:1      | Reached XP level 1. HP: 10/10 MP: 7/7
   462 | D:1      | Reached XP level 2. HP: 14/15 MP: 3/9
   973 | D:1      | Reached skill level 5 in Spellcasting
  1585 | D:2      | Reached XP level 3. HP: 19/19 MP: 8/11
  2134 | D:2      | Found a runed translucent door.
  2135 | D:2      | Noticed Crazy Yiuf
  2537 | D:2      | Slain by Crazy Yiuf

Illustrated notes

Levels and vault maps discovered:
D:1:      wheals_arrival_linesprint, layout_loops_cross
D:2:      layout_basic, uniq_crazy_yiuf_cottage

Skill      XL: |  1  2 |
---------------+-------+-----
Spellcasting   | 5 |  5.6
Dodging        | 3 |  3.0
Stealth        | |  2.8
Conjurations   | |  1.3
Summonings     | |  1.1
Translocations | |  1.1

Action                   || total
-------------------------++-------
Melee: Club              ||    18
 Cast: Magic Dart        ||    86
  Eat: Chunk             ||     4
Armor: Robe              ||     8
Dodge: Dodged            ||    26
